 Dungeon Crawl Stone Soup version 0.19-a0-1456-gc747e27 (webtiles) character file.

25 RonnieColeman the Conjurer (level 3, -2/21 HPs)
             Began as an Octopode Conjurer on Sept 6, 2016.
             Slain by a hobgoblin (3 damage)
             ... on level 1 of the Dungeon.
             The game lasted 00:00:59 (682 turns).

RonnieColeman the Conjurer (Octopode Conjurer)       Turns: 682, Time: 00:01:00

Health: -2/21      AC:  1    Str:  7    XL:     3   Next: 6%
Magic:  1/7        EV: 13    Int: 18    God:
Gold:   48         SH:  0    Dex: 12    Spells: 1 memorised, 7 levels left

rFire  . . .     SeeInvis .     e - +0 club
rCold  . . .     Gourm    .     (no shield)
rNeg   . . .     Faith    .     (helmet restricted)
rPois  .         Spirit   .     (no amulet)
rElec  .         Dismiss  .     (no ring)
rCorr  .         Reflect  .     (no ring)
MR     .....     Harm     .     (no ring)
Stlth  +++.......               (no ring)
                                (no ring)
                                (no ring)
                                (no ring)
                                (no ring)

@: no status effects
A: almost no armour, stealthy swim, amphibious, 8 rings, constrict 8, camouflage
1, gelatinous body 1
a: no special abilities


You were on level 1 of the Dungeon.
You were not hungry.

You visited 1 branch of the dungeon, and saw 2 of its levels.

You collected 48 gold pieces.

Inventory:

Hand Weapons
 e - a +0 club (weapon)
Scrolls
 c - 4 scrolls of remove curse {unknown}
 d - a scroll of random uselessness {unknown}
 f - a scroll of enchant weapon {unknown}
Potions
 g - a potion of mutation {unknown}
Books
 a - a book of Conjurations

   Spells                             Type                      Level
   a - Magic Dart                     Conjuration                  1
   b - Searing Ray                    Conjuration                  2
   c - Dazzling Spray                 Conjuration/Hexes            3
   d - Fulminant Prism                Conjuration/Hexes            4
   e - Iskenderun's Mystic Blast      Conjuration                  4
   f - Iskenderun's Battlesphere      Conjuration/Charms           5
Comestibles
 b - a bread ration


   Skills:
 - Level 2.0 Dodging
 - Level 2.6 Stealth
 * Level 3.0 Spellcasting
 + Level 4.2 Conjurations


You had 7 spell levels left.
You knew the following spells:

 Your Spells              Type           Power        Failure   Level  Hunger
a - Magic Dart            Conj           ###.         3%          1    None


Dungeon Overview and Level Annotations

Branches:
Dungeon (2/15)

Altars:


Innate Abilities, Weirdness & Mutations

You cannot wear most types of armour.
You are very stealthy in the water.
You are amphibious.
You can wear up to eight rings at the same time.
You can use your tentacles to constrict eight enemies at once.
Your skin changes colour to match your surroundings (Stealth+).
Your rubbery body absorbs attacks. (AC +1, EV +1)


Message History

* * * LOW HITPOINT WARNING * * *
Casting: Magic Dart
Confirm with . or Enter, or press ? or * to list all spells.
Okay, then.
Unknown command.
Casting: Magic Dart
Confirm with . or Enter, or press ? or * to list all spells.
Aiming: Magic Dart
Press: ? - help, Shift-Dir - straight line, f/p - hobgoblin
Aim: a hobgoblin The magic dart hits the hobgoblin.
The hobgoblin misses you.
You climb upwards.
There is a stone staircase leading down here.
You hit the hobgoblin but do no damage. You grab the hobgoblin.
You constrict the hobgoblin, but do no damage.
The hobgoblin hits you.
* * * LOW HITPOINT WARNING * * *
The hobgoblin hits you.
You die...

#......#......##(.†#####
#......#..............#
####+#'######.........#
#.....# #.........#
#.....# #[........#
#.....# #.........#
#.....# #.........#
#..g..# #.........#
#...@.# #.........#
#.....# ###########
#.....# #######


You could see a hobgoblin.

Vanquished Creatures
  A worm (D:1)
  2 dart slugs
  4 bats
  4 giant cockroaches
  A goblin (D:1)
  A hobgoblin (D:1)
  3 kobolds
  3 rats (D:1)
19 creatures vanquished.

Notes
Turn   | Place    | Note
-------+----------+-------------------------------------------
     0 | D:1      | RonnieColeman the Octopode Conjurer began the quest for the Orb.
     0 | D:1      | Reached XP level 1. HP: 11/11 MP: 3/3
   108 | D:1      | Reached XP level 2. HP: 12/17 MP: 3/5
   653 | D:2      | Reached XP level 3. HP: 8/21 MP: 1/7
   682 | D:1      | HP: 1/21 [hobgoblin (2)]
   682 | D:1      | Slain by a hobgoblin

Vault maps used:
D:1:      zelgadis_glass_arrival_small
D:2:      nicolae_tso_swordbearing_angel

Skill      XL: |  1  2 |
---------------+-------+-----
Spellcasting   | 3 |  3.0
Dodging        | |  2.0
Stealth        | |  2.6
Conjurations   | |  4.2

Action                   || total
-------------------------++-------
Melee: Unarmed           ||    24
       Constrict         ||    13
       Tentacles         ||     5
       Club              ||    16
 Cast: Magic Dart        ||    18
 Stab: Sleeping          ||     3
Armor: Skin              ||     2
Dodge: Dodged            ||    29
